 Dungeon Crawl Stone Soup version 0.19-a0-994-g3c636f0 (webtiles) character file.

38 Musica the Insei (level 3, -3/23 HPs)
             Began as an Octopode Transmuter on July 15, 2016.
             Killed from afar by a dart slug (5 damage)
             ... with a slug dart
             ... on level 3 of the Dungeon.
             The game lasted 00:03:38 (573 turns).

Musica the Insei (Octopode Transmuter)               Turns: 573, Time: 00:03:39

Health: -3/23      AC:  1    Str:  9    XL:     3   Next: 43%
Magic:  6/6        EV:  7    Int: 16    God:
Gold:   51         SH:  0    Dex: 12    Spells: 2 memorised, 3 levels left

rFire  . . .     SeeInvis .     l - +0 dagger (freeze)
rCold  . . .     Gourm    .     (no shield)
rNeg   . . .     Faith    .     (helmet restricted)
rPois  .         Spirit   .     (no amulet)
rElec  .         Dismiss  .     (no ring)
rCorr  .         Reflect  .     (no ring)
SustAt .         Harm     .     (no ring)
MR     .....                    (no ring)
Stlth  ++........               (no ring)
                                (no ring)
                                (no ring)
                                (no ring)

@: not resistant to hostile enchantments, unstealthy
A: almost no armour, amphibious, 8 rings, constrict 8, camouflage 1, gelatinous
body 1
a: no special abilities


You were on level 3 of the Dungeon.
You were not hungry.

You visited 1 branch of the dungeon, and saw 3 of its levels.

You collected 51 gold pieces.

Inventory:

Hand Weapons
 l - a +0 dagger of freezing (weapon)
Missiles
 a - 65 arrows
 h - 13 poisoned needles
Jewellery
 d - an uncursed ring of see invisible {unknown}
Scrolls
 e - 2 scrolls of noise {unknown}
 f - a scroll of identify {unknown}
 g - 2 scrolls of remove curse {unknown}
Potions
 i - a potion of cure mutation {unknown}
 j - a potion of lignification {unknown}
 k - a potion of mutation {unknown}
Books
 b - a book of Changes

   Spells                             Type                      Level
   a - Beastly Appendage              Transmutation                1
   b - Sticks to Snakes               Transmutation                2
   c - Spider Form                    Transmutation/Poison         3
   d - Ice Form                       Ice/Transmutation            4
   e - Blade Hands                    Transmutation                5
Comestibles
 c - a bread ration


   Skills:
 + Level 1.3 Fighting
 - Level 2.0 Dodging
 + Level 0.4 Stealth
 + Level 3.4 Unarmed Combat
 + Level 2.3 Spellcasting
 + Level 2.8 Transmutations


You had 3 spell levels left.
You knew the following spells:

 Your Spells              Type           Power        Failure   Level  Hunger
a - Beastly Appendage     Tmut           ##....       10%         1    #......
b - Sticks to Snakes      Tmut           ##......     12%         2    ###....


Dungeon Overview and Level Annotations

Branches:
Dungeon (3/15)

Altars:


Innate Abilities, Weirdness & Mutations

You cannot wear most types of armour.
You are amphibious.
You can wear up to eight rings at the same time.
You can use your tentacles to constrict eight enemies at once.
Your skin changes colour to match your surroundings (Stealth+).
Your rubbery body absorbs attacks. (AC +1)


Message History

The giant newt hisses angrily.
The giant newt completely misses you.
You hit the giant newt but do no damage.
Your grab misses the giant newt. The giant newt bites you.
You hit the giant newt. You freeze the giant newt.
You kill the giant newt!
The dart slug launches a dart at you. The slug dart hits you!
There is a stone staircase leading up here.
Unknown command.
Casting: Beastly Appendage
Confirm with . or Enter, or press ? or * to list all spells.
Okay, then.
Unknown command.
The dart slug launches a dart at you. The slug dart hits you!
* * * LOW HITPOINT WARNING * * *
The dart slug launches a dart at you. The slug dart hits you!
You die...

#≈w. ≈#.. ##
≈≈≈≈#≈≈.##
##≈##≈≈#≈≈≈≈≈ #
.#≈≈≈≈≈./.≈≈≈#≈#
#w≈≈≈#.≈..≈#≈≈w.
#≈≈≈≈≈≈≈.≈≈≈≈≈≈≈
≈≈≈≈≈≈≈≈.≈≈≈≈≈#≈
≈≈≈≈≈≈≈..(≈≈≈≈≈≈
.≈≈≈≈≈≈.@$≈≈≈≈≈≈
≈≈≈≈≈≈≈...≈≈≈≈≈≈
≈≈≈≈≈≈≈≈.≈#≈#≈≈≈
#≈≈≈#≈≈.!≈≈≈≈≈≈≈
#.≈≈≈≈≈♣.$≈≈≈≈≈.
.#≈≈≈≈#..≈≈≈≈≈w#
###≈≈ ≈≈≈≈w#≈##
#w≈ ≈≈≈≈≈...


You could see 5 dart slugs.

Vanquished Creatures
  3 dart slugs (D:1)
  A giant gecko (D:2)
  2 giant cockroaches
  5 goblins
  4 hobgoblins
  5 bats
  3 giant newts
  4 kobolds (D:1)
  A rat (D:1)
28 creatures vanquished.

Vanquished Creatures (collateral kills)
  A bat (D:1)
1 creature vanquished.

Grand Total: 29 creatures vanquished

Notes
Turn   | Place    | Note
-------+----------+-------------------------------------------
     0 | D:1      | Musica the Octopode Transmuter began the quest for the Orb.
     0 | D:1      | Reached XP level 1. HP: 13/13 MP: 3/3
    74 | D:1      | Reached XP level 2. HP: 16/18 MP: 3/5
   191 | D:1      | Reached XP level 3. HP: 21/23 MP: 4/6
   258 | D:1      | Learned a level 2 spell: Sticks to Snakes
   573 | D:3      | Killed from afar by a dart slug

Vault maps used:
D:1:      enne_arrival_octagon_isle
D:3:      kennysheep_slugbush, zin_treasury, lightli_sewer_entry_pipes

Action                   || total
-------------------------++-------
Melee: Unarmed           ||     9
       Dagger            ||    50
       Tentacles         ||    17
       Constrict         ||    16
       Kick              ||     6
       Punch             ||     2
 Cast: Beastly Appendage ||     8
       Sticks to Snakes  ||     1
Armor: Skin              ||     8
Dodge: Dodged            ||    36
